 Dungeon Crawl Stone Soup version 0.19.1 (webtiles) character file.

318 M4edhros the Insei (level 6, -1/42 HPs)
             Began as an Octopode Chaos Knight on Dec 26, 2016.
             Slain by an ufetubus (3 damage)
             ... summoned by Xom
             ... on level 3 of the Dungeon.
             The game lasted 00:05:12 (11134 turns).

M4edhros the Insei (Octopode Chaos Knight)         Turns: 11134, Time: 00:05:13

Health: -1/42      AC:  1    Str: 11    XL:     6   Next: 45%
Magic:  6/6        EV: 13    Int: 15    God:    Xom [......]
Gold:   72         SH:  0    Dex: 13    Spells: 0 memorised, 5 levels left

rFire  . . .     SeeInvis .     c - +1 dagger (elec)
rCold  + . .     Gourm    .     (no shield)
rNeg   . . .     Faith    .     (helmet restricted)
rPois  .         Spirit   .     (no amulet)
rElec  .         Reflect  .     (no ring)
rCorr  .         Harm     .     (no ring)
MR     .....                    (no ring)
Stlth  ++........               (no ring)
                                (no ring)
                                (no ring)
                                (no ring)
                                (no ring)

@: no status effects
A: almost no armour, stealthy swim, amphibious, 8 rings, constrict 8, camouflage
1, blurry vision 1, cold resistance 1, gelatinous body 1
a: Renounce Religion


You were on level 3 of the Dungeon.
You worshipped Xom.
You were a very special plaything of Xom.
You were very hungry.

You visited 1 branch of the dungeon, and saw 3 of its levels.

You collected 72 gold pieces.

Inventory:

Hand Weapons
 c - a +1 dagger of electrocution (weapon)
Armour
 o - a +0 scale mail
Jewellery
 r - an uncursed ring of flight {unknown}
Wands
 d - a wand of teleportation (7/9)
Scrolls
 e - 2 scrolls of random uselessness {unknown}
 g - a scroll of immolation {unknown}
 j - 3 scrolls of identify {unknown}
 m - 2 scrolls of fog {unknown}
 n - a scroll of teleportation {unknown}
 q - a scroll of blinking {unknown}
 s - a scroll of enchant armour {unknown}
 u - a scroll of remove curse {unknown}
 x - a scroll of amnesia {unknown}
Potions
 h - a potion of flight {unknown}
 i - a potion of invisibility {unknown}
 p - a potion of curing {unknown}
Miscellaneous
 t - a lamp of fire
Comestibles
 a - 3 bread rations
 v - a meat ration
 w - a beef jerky


   Skills:
 - Level 3.0 Fighting
 - Level 2.3 Dodging
 + Level 7.0 Unarmed Combat


You had 5 spell levels left.
You didn't know any spells.

Dungeon Overview and Level Annotations

Branches:
Dungeon (3/15)

Altars:
Sif Muna
Xom


Innate Abilities, Weirdness & Mutations

You cannot wear most types of armour.
You are very stealthy in the water. (Stealth+)
You are amphibious.
You can wear up to eight rings at the same time.
You can use your tentacles to constrict eight enemies at once.
Your skin changes colour to match your surroundings (Stealth+).
Your rubbery body absorbs attacks. (AC +1, EV +1)
Scrolls take you a little longer to read.
Your flesh is cold resistant. (rC+)


Message History

You barely miss the ufetubus. Your grab misses the ufetubus.
The ufetubus completely misses you. The ufetubus hits you.
The chaos spawn hits you. The chaos spawn freezes you. You resist.
* * * LOW HITPOINT WARNING * * *
The white imp barely misses you.
Unknown command.
It was a potion of cancellation.
You feel magically purged.
Xom thinks this is hilarious!
The ufetubus barely misses you. The ufetubus misses you.
The ufetubus closely misses you. The ufetubus barely misses you.
The chaos spawn closely misses you. The white imp gestures at you.
The puff of frost hits you! You resist.
* * * LOW HITPOINT WARNING * * *
It was a potion of magic.
Magic courses through your body. The ufetubus hits you.
* * * LOW HITPOINT WARNING * * *
The ufetubus hits you.
You die... "It's not fun and games unless someone loses an eye."

..# #..# .## #))#
.# ##########..####
.###........).)...#
<......##########.#
####.#.# #.# #.#.#
#.# #.#.# #####4#
#.#.# #..5@5# #.#.#
#.##### #.#.# #.#.#


You could see a chaos spawn, a white imp and an ufetubus.

Vanquished Creatures
  The ghost of M4edhros the Insei, an amateur OpCK of Xom (D:3)
  Terence (D:3)
  Robin (D:3)
  8 adders
  2 worms (D:2)
  4 leopard geckos
  5 orcs
  2 giant cockroaches
  20 goblins
  8 hobgoblins
  4 quokkas
  A ball python (D:2)
  7 bats
  4 frilled lizards
  9 kobolds
  4 rats
81 creatures vanquished.

Notes
Turn   | Place    | Note
-------+----------+-------------------------------------------
     0 | D:1      | M4edhros the Octopode Chaos Knight began the quest for the Orb.
     0 | D:1      | Reached XP level 1. HP: 16/16 MP: 1/1
    64 | D:1      | XOM: divination: detect items
   559 | D:1      | XOM: divination: magic mapping
   830 | D:1      | XOM: divination: magic mapping
   999 | D:1      | XOM: silly message
  1192 | D:1      | XOM: harmless Necr miscast
  1234 | D:1      | Reached XP level 2. HP: 21/21 MP: 2/2
  1943 | D:1      | XOM is BORED!
  1943 | D:1      | XOM: mild Fire miscast
  2586 | D:1      | Reached skill level 4 in Unarmed Combat
  2863 | D:1      | XOM is BORED!
  2863 | D:1      | XOM: mild Summ miscast
  2976 | D:1      | XOM: god gift: scale mail {god gift}
  3234 | D:1      | XOM: divination: detect items
  3283 | D:1      | Reached XP level 3. HP: 26/26 MP: 3/3
  3874 | D:1      | XOM: medium Ice miscast
  3893 | D:1      | XOM: harmless Hex miscast
  4038 | D:1      | XOM: scenery: create altars
  4132 | D:3      | Noticed Terence
  4138 | D:3      | Killed Terence
  4146 | D:2      | Reached XP level 4. HP: 23/31 MP: 4/4
  4722 | D:2      | XOM: scenery: create altars
  4973 | D:3      | XOM: polymorph quokka -> orc
  4976 | D:3      | Reached skill level 5 in Unarmed Combat
  5368 | D:2      | XOM: 1-stop teleportation journey
  5986 | D:2      | XOM: harmless Pois miscast
  6389 | D:2      | Reached XP level 5. HP: 34/36 MP: 5/5
  7231 | D:2      | XOM: divination: detect creatures
  7749 | D:2      | XOM: cloud trail
  7878 | D:2      | XOM: god gift: forked brass wand {god gift}
  8071 | D:2      | Found a deep blue altar of Sif Muna.
  8244 | D:2      | XOM: give mutations
  8244 | D:2      | Gained mutation: You can translocate small distances at will. [Xom's grace]
  8244 | D:2      | Gained mutation: You are agile. (Dex +2) [Xom's grace]
  8293 | D:2      | XOM: god gift: lamp of fire
  8388 | D:2      | XOM: scenery: 1 doors close
  8792 | D:2      | XOM: noise
  9053 | D:2      | XOM: smoke on damage
  9289 | D:2      | XOM: polymorph adder -> kobold
  9601 | D:2      | XOM: scenery: 1 doors open, 1 doors close
  9609 | D:2      | Reached skill level 6 in Unarmed Combat
 10165 | D:3      | XOM: give mutations
 10165 | D:3      | Gained mutation: You have a pair of small antennae on your head. [Xom's mischief]
 10165 | D:3      | Gained mutation: You are frail. (-10% HP) [Xom's mischief]
 10165 | D:3      | Gained mutation: Scrolls take you a little longer to read. [Xom's mischief]
 10165 | D:3      | Lost mutation: You are agile. (Dex +2) [Xom's mischief]
 10171 | D:3      | Noticed M4edhros's ghost (amateur OpCK)
 10174 | D:3      | Lost mutation: You are frail. (-10% HP) [potion of cure mutation]
 10174 | D:3      | Lost mutation: You have a pair of small antennae on your head. [potion of cure mutation]
 10174 | D:3      | Lost mutation: You can translocate small distances at will. [potion of cure mutation]
 10174 | D:3      | Lost mutation: Scrolls take you a little longer to read. [potion of cure mutation]
 10176 | D:3      | Noticed an ogre
 10188 | D:3      | Killed M4edhros's ghost
 10188 | D:3      | Reached XP level 6. HP: 12/42 MP: 6/6
 10189 | D:3      | XOM: swap monsters
 10402 | D:3      | Noticed Robin
 10404 | D:3      | XOM: confuse monster(s)
 10410 | D:3      | XOM: fog
 10412 | D:3      | Killed Robin
 10412 | D:3      | Reached skill level 7 in Unarmed Combat
 10483 | D:3      | XOM: silly message
 10680 | D:3      | XOM: mild Chrm miscast
 11018 | D:3      | XOM: harmless Tmut miscast
 11116 | D:3      | XOM: give mutations
 11116 | D:3      | Gained mutation: Your flesh is cold resistant. (rC+) [Xom's mischief]
 11116 | D:3      | Gained mutation: Scrolls take you a little longer to read. [Xom's mischief]
 11116 | D:3      | Gained mutation: Scrolls take you longer to read. [Xom's mischief]
 11116 | D:3      | Lost mutation: Scrolls take you longer to read. [Xom's mischief]
 11126 | D:3      | XOM: summons 3 hostile demons
 11127 | D:3      | Noticed a chaos spawn
 11134 | D:3      | HP: 2/42 [ufetubus[Xom] (4)]
 11134 | D:3      | Slain by an ufetubus

Skill      XL: |  1  2  3  4  5  6 |
---------------+-------------------+-----
Unarmed Combat | 4 5 6 7 |  7.0
Fighting       | |  3.0
Dodging        | |  2.3

Action                   |  1- 3 |  4- 6 || total
-------------------------+-------+-------++-------
Melee: Unarmed           |     6 |       ||     6
       Dagger            |    47 |   131 ||   178
       Constrict         |    14 |    21 ||    35
       Tentacles         |     6 |    14 ||    20
       Punch             |       |     2 ||     2
  Use: Potion            |     2 |     4 ||     6
 Stab: Sleeping          |     1 |     4 ||     5
       Distracted        |       |     1 ||     1
       Confused          |       |     2 ||     2
  Eat: Chunk             |     9 |    21 ||    30
Armor: Skin              |     1 |    17 ||    18
Dodge: Dodged            |    35 |    97 ||   132
